 Dungeon Crawl Stone Soup version 0.25.1-8-g42b30a86e7 (webtiles) character file.

Game seed: 11184078529796109911

21 Gabide the Skirmisher (level 2, -3/26 HPs)
             Began as a Ghoul Abyssal Knight on Dec 4, 2020.
             Was a Follower of Lugonu.
             Slain by a gnoll (6 damage)
             ... on level 1 of the Dungeon.
             The game lasted 00:01:50 (534 turns).

Gabide the Skirmisher (Ghoul Abyssal Knight)         Turns: 534, Time: 00:01:51

Health: -3/26      AC:  3    Str: 15    XL:     2   Next: 83%
Magic:  2/2        EV: 11    Int:  7    God:    Lugonu [*.....]
Gold:   18         SH:  0    Dex:  8    Spells: 1/1 levels left

rFire    . . .     SeeInvis .     - Unarmed
rCold    + . .     Gourm    .   (no shield)
rNeg     + + +     Faith    .   a - +0 leather armour
rPois    ∞         Spirit   .   (no helmet)
rElec    .         Reflect  .   (no cloak)
rCorr    .         Harm     .   (no gloves)
MR       .....                  (no boots)
Stlth    +.........             (no amulet)
HPRegen  0.00/turn              (no ring)
MPRegen  0.08/turn              (no ring)

@: rotting
A: rotting body, claws 1, carnivore, cold resistance 1, negative energy
resistance 3, inhibited regeneration, torment resistance, unbreathing
a: Depart the Abyss, Renounce Religion


You were on level 1 of the Dungeon.
You worshipped Lugonu.
Lugonu was aware of your devotion.
You were not hungry.

You visited 1 branch of the dungeon, and saw 1 of its levels.
You visited the Abyss 1 time.

You collected 18 gold pieces.

Inventory:

Hand Weapons
 e - a +0 hunting sling
Missiles
 c - 3 poisoned darts (quivered)
Armour
 a - a +0 leather armour (worn)
Scrolls
 d - 2 scrolls of identify
Comestibles
 b - 3 rations
 f - a chunk of flesh


   Skills:
 + Level 3.6 Fighting
 + Level 0.5 Throwing
 + Level 1.9 Armour
 * Level 1.1 Dodging
 * Level 2.7 Unarmed Combat
 - Level 2.0 Invocations


You had one spell level left.
You didn't know any spells.
Your spell library was empty.

Dungeon Overview and Level Annotations

Branches:
Dungeon (1/15)

Altars:


Innate Abilities, Weirdness & Mutations

Your body is rotting away.
You thrive on raw meat.
You are immune to poison.
You have sharp fingernails.
You are carnivorous and can eat meat at any time.
Your flesh is cold resistant. (rC+)
You are immune to negative energy. (rN+++)
You do not regenerate when monsters are visible.
You are immune to unholy pain and torment.
You can survive without breathing.


Message History

The goblin is heavily wounded.
The goblin hits you but does no damage.
You closely miss the goblin.
The goblin is heavily wounded.
The goblin hits you with a +0 dagger.
* * * LOW HITPOINT WARNING * * *
You scratch the goblin.
You kill the goblin!
Lugonu accepts your kill.
You scratch the gnoll.
The gnoll is moderately wounded.
The gnoll hits you.
* * * LOW HITPOINT WARNING * * *
You barely miss the gnoll.
The gnoll is moderately wounded.
The gnoll misses you.
You completely miss the gnoll.
The gnoll is moderately wounded.
The gnoll hits you.
You die...

#)##....#...... ......
#.........##.###.....
#................#
#................#
#.#..........##..###.#
#.#....##.#####..(...#
#.#.#####.# #.##.....
#.........# #g# ..(.
###.####### #@# ###
#.# #.# #.# #.# #..
..# ### ###


You could see a gnoll.

Vanquished Creatures
  An ooze (D:1)
  A bat (D:1)
  2 goblins (D:1)
  5 hobgoblins (D:1)
  3 jackals (D:1)
  A rat (D:1)
13 creatures vanquished.

Notes
Turn   | Place    | Note
-------+----------+-------------------------------------------
     0 | Abyss:1  | Gabide the Ghoul Abyssal Knight began the quest for the
                  | Orb.
     0 | Abyss:1  | Reached XP level 1. HP: 19/19 MP: 1/1
    16 | Abyss:1  | Found a hazy altar of Hepliaklqana.
    53 | Abyss:1  | Found a corrupted altar of Lugonu.
    55 | Abyss:1  | Noticed a starcursed mass
    56 | D:1      | Escaped the Abyss
    73 | D:1      | Reached skill level 1 in Dodging
    94 | D:1      | Reached XP level 2. HP: 19/25 MP: 2/2
   299 | D:1      | Reached * piety under Lugonu
   323 | D:1      | HP: 1/25 [jackal (2)]
   534 | D:1      | Slain by a gnoll

Illustrated notes

Levels and vault maps discovered:
D:1:      dpeg_arrival_pond, layout_loops_ring

Skill      XL: |  1 |
---------------+----+-----
Dodging        | 1 |  1.1
Fighting       | |  3.6
Throwing       | |  0.5
Armour         | |  1.9
Unarmed Combat | |  2.7
Invocations    | |  2.0

Action                   || total
-------------------------++-------
Melee: Unarmed           ||    57
       Punch             ||     3
Throw: Dart              ||    21
Invok: Depart the Abyss  ||     1
  Use: Scroll            ||     2
  Eat: Chunk             ||     5
Armor: Leather armour    ||     5
Dodge: Dodged            ||    29
